 Dungeon Crawl Stone Soup version 0.24.1-8-ga250c9d538 (webtiles) character file.

Game seed: 4721304778740241358, levelgen mode: deterministic

602 Hugehornet the Changer (level 7, -5/43 HPs)
             Began as an Octopode Transmuter on May 3, 2020.
             Splashed by a jelly's acid (9 damage)
             ... on level 5 of the Dungeon.
             The game lasted 00:16:27 (6038 turns).

Hugehornet the Changer (Octopode Transmuter)        Turns: 6038, Time: 00:16:27

Health: -5/43      AC: -7    Str:  9    XL:     7   Next: 41%
Magic:  10/10      EV: 13    Int: 18    God:
Gold:   245        SH:  0    Dex: 12    Spells: 0/10 levels left

rFire    . . .     SeeInvis .     - Unarmed
rCold    . . .     Gourm    .   (no shield)
rNeg     . . .     Faith    .   (helmet restricted)
rPois    .         Spirit   .   (no amulet)
rElec    .         Reflect  .   (no ring)
rCorr    .         Harm     .   (no ring)
MR       .....                  (no ring)
Stlth    ++........             (no ring)
HPRegen  0.14/turn              (no ring)
MPRegen  0.12/turn              (no ring)
                                (no ring)
                                (no ring)

@: appendage, corroded
A: almost no armour, stealthy swim, amphibious, 8 rings, constrict 8, tentacle
spike 3, camouflage 1, gelatinous body 1
a: End Transformation


You were on level 5 of the Dungeon.
You were not hungry.
One of your tentacles had a temporary spike.
You visited 2 branches of the dungeon, and saw 6 of its levels.
You also visited: Sewer.

You collected 245 gold pieces.

Inventory:

Missiles
 a - 12 arrows
Scrolls
 e - 2 scrolls of remove curse
 g - 2 scrolls of teleportation
 h - 3 scrolls of blinking
 j - 2 scrolls of fog
 l - a scroll of amnesia {unknown}
Potions
 b - a potion of magic
 d - 2 potions of flight
 f - 2 potions of might
 i - a potion of brilliance {unknown}
 k - a potion of ambrosia {unknown}
 m - a potion of lignification {unknown}
Comestibles
 c - 5 rations
 n - 2 chunks of flesh


   Skills:
 - Level 1.1 Fighting
 - Level 2.0 Dodging
 - Level 0.2 Stealth
 * Level 5.8 Unarmed Combat
 + Level 2.4 Spellcasting
 * Level 5.8 Transmutations
 + Level 0.2 Ice Magic
 - Level 1.0 Poison Magic


You couldn't memorise any spells.
You knew the following spells:

 Your Spells              Type           Power        Failure   Level  Hunger
a - Beastly Appendage     Tmut           ###...       1%          1    #......
b - Sticks to Snakes      Tmut           ###.....     2%          2    ##.....
c - Spider Form           Tmut/Pois      ##........   13%         3    ###....
d - Ice Form              Ice/Tmut       ##......     45%         4    #####..

Your spell library contained the following spells:

 Spells                   Type           Power        Failure   Level  Hunger
 Blade Hands              Tmut           ###.......   41%         5    ######.


Dungeon Overview and Level Annotations

Branches:
Dungeon (5/15)             Temple (1/1) D:4           Sewer (visited)

Altars:
Dithmenos
Elyvilon
Fedhas
Gozag
Hepliaklqana
Okawaru
Qazlal
Ru
Uskayaw
Vehumet
Wu Jian
Xom
Yredelemnul
Zin
The Shining One

Shops:
D:4 :


Innate Abilities, Weirdness & Mutations

You cannot wear most types of armour.
You are very stealthy in the water. (Stealth+)
You are amphibious.
You can wear up to eight rings at the same time.
You can use your tentacles to constrict eight enemies at once.
Your skin changes colour to match your surroundings (Stealth+).
Your rubbery body absorbs attacks. (AC +1, EV +1)
One of your tentacles bears a large vicious spike.


Message History

The jelly hits you.
You are splashed with acid.
You completely miss the jelly.
You pierce the jelly, but do no damage.
The jelly is severely wounded.
The jelly hits you.
You are splashed with acid!
* * * LOW HITPOINT WARNING * * *
You tentacle-slap the jelly but do no damage.
Your tentacles burn!
* * * LOW HITPOINT WARNING * * *
You pierce the jelly.
The jelly is severely wounded.
The jelly closely misses you.
You tentacle-slap the jelly but do no damage.
The acid corrodes you!
Your tentacles burn!
* * * LOW HITPOINT WARNING * * *
The jelly is severely wounded.
The jelly jiggles.
The jelly hits you.
* * * LOW HITPOINT WARNING * * *
The acid corrodes you!
You are splashed with acid!
You die...

####'#######
..........#..........#
..........#..........#
..........#.....>....#
......) #..........#
...... #..........#
#...# ####.##.##.#
##..J######.##.##.##
#...@.#............#
#.....#............#
#....###'##.##.#####
###....##..##.##.###...
#......[.....(.'...#...
.'.......)......#...+...
##############'######...
#.............#
#.............+


You could see a jelly.

Vanquished Creatures
  2 bullfrogs (Sewer)
  A scorpion (D:4)
  An orc priest (D:3)
  A jelly (D:4)
  3 worker ants
  3 gnolls (D:2)
  9 adders
  12 oozes (Sewer)
  2 worms
  A dart slug (D:1)
  15 leopard geckos
  8 orcs
  8 ball pythons
  10 giant cockroaches
  4 goblins
  7 hobgoblins
  2 jackals (D:1)
  A quokka (D:4)
  11 bats
  14 frilled lizards
  A jackal skeleton (D:4)
  6 kobolds
  3 rats
125 creatures vanquished.

Notes
Turn   | Place    | Note
-------+----------+-------------------------------------------
     0 | D:1      | Hugehornet the Octopode Transmuter began the quest for the
                  | Orb.
     0 | D:1      | Reached XP level 1. HP: 13/13 MP: 3/3
   237 | D:1      | Reached XP level 2. HP: 17/18 MP: 3/5
   246 | D:1      | Learned a level 2 spell: Sticks to Snakes
  1341 | D:2      | Reached XP level 3. HP: 22/23 MP: 4/6
  1346 | D:2      | Learned a level 3 spell: Spider Form
  1451 | D:2      | Reached XP level 4. HP: 26/28 MP: 7/7
  1551 | D:2      | HP: 1/28 [adder (4)]
  2344 | D:2      | Found a stormy altar of Qazlal.
  2345 | D:2      | Found a hazy altar of Hepliaklqana.
  2650 | D:3      | Found a glowing drain.
  2659 | D:3      | Reached skill level 5 in Transmutations
  2665 | D:3      | Reached XP level 5. HP: 25/33 MP: 8/8
  2677 | Sewer    | Entered a sewer
  3144 | Sewer    | Reached skill level 1 in Poison Magic
  3716 | Sewer    | Reached XP level 6. HP: 21/38 MP: 2/9
  3725 | Sewer    | Reached skill level 5 in Unarmed Combat
  3753 | Sewer    | HP: 1/38 [leopard gecko (4)]
  4640 | D:3      | Noticed a +0 dagger
  4640 | D:3      | Noticed a +0 hand axe
  4644 | D:3      | Found a hide-covered altar of Uskayaw.
  4799 | D:4      | Found a shimmering altar of Xom.
  4801 | D:4      | Found a shimmering altar of Xom.
  4802 | D:4      | Found a shimmering altar of Xom.
  4802 | D:4      | Found a shimmering altar of Xom.
  4806 | D:4      | Found a shimmering altar of Xom.
  4829 | D:4      | Reached XP level 7. HP: 41/43 MP: 10/10
  4921 | D:4      | Found a white marble altar of Elyvilon.
  4925 | D:4      | Found a radiant altar of Vehumet.
  5436 | D:4      | Learned a level 4 spell: Ice Form
  5441 | D:4      | Found a staircase to the Ecumenical Temple.
  5496 | Temple   | Entered the Ecumenical Temple
  5790 | D:4      | Found Fuxzedig's Book Shoppe.
  5868 | D:5      | Entered Level 5 of the Dungeon
  6038 | D:5      | Splashed by a jelly's acid

Levels and vault maps discovered:
D:1:      dpeg_arrival_arbitrary_a, layout_basic
D:2:      layout_basic, minitemple, first_ration, minmay_pentomino_z2
D:3:      layout_basic, dancing_weapons_uskayaw, cheibrodos_sewer_entry_drain,
          dk_noncrumbling_4
D:4:      layout_cave_pools, overflow_temple_1_default, xom_redecorated,
          elyvilon_altar_5, minmay_temple_entry_waves, serial_shops, shop_statue
D:5:      layout_gridville, kennysheep_mini_moat, ashenzari_conservatory_becter,
          slow_altar_2, serial_shops, kennysheep_mini, guppyfry_early_orc_mine
Temple:   nicolae_temple_figure_zero

Skill      XL: |  1  2  3  4  5  6 |
---------------+-------------------+-----
Transmutations | 3 4 5 |  5.8
Poison Magic   | 1 |  1.0
Unarmed Combat | 4 5 |  5.8
Fighting       | |  1.1
Dodging        | |  2.0
Stealth        | |  0.2
Spellcasting   | |  2.4
Ice Magic      | |  0.2

Action                   |  1- 3 |  4- 6 |  7- 9 || total
-------------------------+-------+-------+-------++-------
Melee: Unarmed           |    69 |   206 |    42 ||   317
       Constrict         |    20 |    30 |     5 ||    55
       Kick              |    15 |    38 |    11 ||    64
       Tentacles         |    10 |    24 |     3 ||    37
       Punch             |     2 |     3 |     2 ||     7
 Cast: Beastly Appendage |    24 |    39 |     8 ||    71
       Spider Form       |       |     5 |     4 ||     9
  Use: Scroll            |       |     6 |     1 ||     7
       Potion            |       |     3 |       ||     3
 Stab: Sleeping          |     7 |     9 |     1 ||    17
  Eat: Ration            |     1 |     2 |       ||     3
       Chunk             |       |     9 |       ||     9
Armor: Skin              |     8 |    16 |       ||    24
Dodge: Dodged            |    41 |   130 |    22 ||   193
